 Dungeon Crawl Stone Soup version 0.27-a0-1359-ga2a4dfd6fd (webtiles) character file.

Game seed: 14160935526901475600

20 night the Digger (level 2, 0/18 HPs)
             Began as an Octopode Earth Elementalist on June 28, 2021.
             Slain by a worm (9 damage)
             ... on level 2 of the Dungeon.
             The game lasted 00:02:54 (972 turns).

night the Digger (Octopode Earth Elementalist)       Turns: 972, Time: 00:02:54

Health: 0/18       AC:  1    Str:  7    XL:     2   Next: 79%
Magic:  5/5        EV: 13    Int: 17    God:
Gold:   71         SH:  0    Dex: 12    Spells: 4/5 levels left

rFire    . . .     SeeInvis .   a - +0 dagger (elec)
rCold    . . .     Faith    .   (no shield)
rNeg     . . .     Spirit   .   (helmet restricted)
rPois    .         Reflect  .   (no amulet)
rElec    .         Harm     .   (no ring)
rCorr    .         Rampage  .   (no ring)
Will     .....                  (no ring)
Stlth    +++.......             (no ring)
HPRegen  0.06/turn              (no ring)
MPRegen  0.09/turn              (no ring)
                                (no ring)
                                (no ring)

@: no status effects
A: almost no armour, amphibious, 8 rings, camouflage 1, gelatinous body 1,
(nimble swimmer 1), tentacles
a: no special abilities


You were on level 2 of the Dungeon.
You visited 1 branch of the dungeon, and saw 2 of its levels.

You collected 71 gold pieces.

Inventory:

Hand Weapons
 a - a +0 dagger of electrocution (weapon)
Missiles
 b - 37 stones
 d - 15 poisoned darts
 g - 17 sling bullets
Scrolls
 e - 2 scrolls of fear
 h - 2 scrolls of vulnerability
Potions
 c - 2 potions of invisibility
 f - a potion of mutation {unknown}


   Skills:
 + Level 1.1 Fighting
 - Level 2.0 Dodging
 - Level 2.6 Stealth
 + Level 2.3 Spellcasting
 + Level 1.2 Transmutations
 + Level 3.3 Earth Magic


You had 4 spell levels left.
You knew the following spells:

 Your Spells              Type           Power      Damage    Failure   Level
a - Sandblast             Erth           26%        2d8       4%          1

Your spell library contained the following spells:

 Spells                   Type           Power      Damage    Failure   Level
 Passwall                 Tmut/Erth      7%         N/A       11%         2
 Beastly Appendage        Tmut           12%        N/A       12%         1
 Wereblood                Tmut           6%         N/A       17%         2
 Stone Arrow              Conj/Erth      14%        3d7       28%         3
 Spider Form              Tmut/Pois      2%         N/A       41%         3
 Petrify                  Tmut/Erth      9%         N/A       58%         4
 Ice Form                 Ice/Tmut       4%         N/A       82%         4
 Lee's Rapid Deconstruct  Erth           6%         3d7*      80%         5


Dungeon Overview and Level Annotations

Branches:
Dungeon (2/15)

Altars:


Innate Abilities, Weirdness & Mutations

You cannot wear most types of armour.
You are amphibious.
You can wear up to eight rings at the same time.
Your skin changes colour to match your surroundings (Stealth+).
Your rubbery body absorbs attacks. (AC +1, EV +1)
((You are camouflaged near water. (Stealth+)))
You have tentacles for arms and can constrict up to eight enemies at once.


Message History

A quokka and a worm come into view.
A hobgoblin comes into view.
You barely miss the hobgoblin.
The hobgoblin shouts!
You grab the hobgoblin. You constrict the hobgoblin.
You hear an angry hiss.
The hobgoblin hits you.
You hit the hobgoblin.
Lightning courses through the hobgoblin!!
You kill the hobgoblin!
The quokka misses you.
You closely miss the quokka. You grab the quokka. You constrict the quokka.
A frilled lizard comes into view.
The quokka bites you.
You barely miss the quokka.
The quokka is moderately wounded.
You constrict the quokka. The quokka closely misses you.
A worm comes into view.
You hit the quokka but do no damage.
The quokka is heavily wounded.
You constrict the quokka, but do no damage.
The quokka bites you but does no damage.
The quokka bites you.
You hit the quokka but do no damage.
The quokka is heavily wounded.
You constrict the quokka.
You kill the quokka!
The hobgoblin closely misses you.
You hit the hobgoblin but do no damage. You grab the hobgoblin.
You constrict the hobgoblin. The hobgoblin barely misses you.
You hit the hobgoblin but do no damage. You squeeze the hobgoblin.
You kill the hobgoblin!
You hit the worm but do no damage. You grab the worm. You constrict the worm.
You hit the worm.
The worm is moderately wounded.
You constrict the worm. The worm bites you.
You hit the worm.
The worm is moderately wounded.
You constrict the worm. The worm bites you!
Ouch! That really hurt!
You die...

#....######## .. ..
###..# #.##.# #..###
..#.. ##....# #....
#..##.# #.#..###.#
#.## .#.#.....##.#
#..## ......l#.##.#
##..# #.w@.)#.# ##.#
#
#w###.†.#####.####..
.. #.#......†......
... #.(.######......
##. .....### #†.##..
.. ...#..# #.... . .
......# ..#..#
#.#..# ####...
...#.. ...


You could see 2 worms and a frilled lizard.

Vanquished Creatures
  2 ball pythons (D:1)
  2 endoplasms (D:1)
  2 goblins (D:1)
  3 hobgoblins (D:2)
  2 kobolds
  2 quokkas (D:2)
  A bat (D:1)
  2 frilled lizards
  3 rats
19 creatures vanquished.

Notes
Turn   | Place    | Note
-------+----------+-------------------------------------------
     0 | D:1      | night the Octopode Earth Elementalist began the quest for
                  | the Orb.
     0 | D:1      | Reached XP level 1. HP: 11/11 MP: 3/3
   133 | D:1      | Found a faded altar of an unknown god.
   155 | D:1      | Reached XP level 2. HP: 9/18 MP: 5/5
   933 | D:2      | Reached skill level 1 in Fighting
   972 | D:2      | Slain by a worm

Illustrated notes

Levels and vault maps discovered:
D:1:      co_arrival_two_rings, layout_basic, basic_ecumenical_altar
D:2:      layout_rooms, basic_altar, serial_shops, shop_statue,
          chequers_decorated_corner, minmay_statues_item,
          minmay_fractal_squares_5, uniq_terence, uniq_robin

Skill      XL: |  1  2 |
---------------+-------+-----
Fighting       | 1 |  1.1
Dodging        | |  2.0
Stealth        | |  2.6
Spellcasting   | |  2.3
Transmutations | |  1.2
Earth Magic    | |  3.3

Action                   || total
-------------------------++-------
Melee: Dagger            ||    34
       Constrict         ||     7
       Tentacles         ||     2
 Cast: Sandblast         ||     1
  Use: Scroll            ||     4
 Stab: Sleeping          ||     7
Armor: Skin              ||     1
Dodge: Dodged            ||    12

Table legend: (Time is in decaauts)
 A = Elapsed time spent in this place.
 B = Non-inter-level travel time spent in this place.
 C = Inter-level travel time spent in this place.
 D = Time resting spent in this place.
 E = Time spent auto-exploring this place.
 F = Levels seen in this place.
 G = Mean time per level.
                   A        B        C        D        E       F      G
               +--------+--------+--------+--------+--------+-----+--------+
         Total |    971 |    948 |     23 |      0 |    824 |   2 |  485.5 |
       Dungeon |    971 |    948 |     23 |      0 |    824 |   2 |  485.5 |
               +--------+--------+--------+--------+--------+-----+--------+

Top non-repeatable levels by time:
     D:1: 900 daAuts
     D:2: 70 daAuts
